 Dungeon Crawl Stone Soup version 0.32-a0-128-g77eb882913 (webtiles) character file.

Game seed: 17505589450146656885

11 PriceMaster the Firebug (level 2, -4/17 HPs)
             Began as an Octopode Fire Elementalist on Feb 8, 2024.
             Slain by Terence
             ... wielding a +0 hand axe
              (7 damage)
             ... on level 2 of the Dungeon.
             The game lasted 00:02:03 (1070 turns).

PriceMaster the Firebug (OpFE)                      Turns: 1070, Time: 00:02:04

Health: -4/17      AC:  1    Str:  7    XL:     2   Next: 25%
Magic:  0/5        EV: 13    Int: 17    God:
Gold:   21         SH:  0    Dex: 12    Spells: 2/5 levels left

rFire   . . .        b - +0 mace
rCold   . . .        (no shield)
rNeg    . . .        (helmet restricted)
rPois   .            (no amulet)
rElec   .            (no ring)
rCorr   .            (no ring)
SInv    .            (no ring)
Will    .....        (no ring)
Stlth   +++          (no ring)
HPRegen 0.22/turn    (no ring)
MPRegen 0.09/turn    (no ring)
                     (no ring)

%: no passive effects
@: very slightly contaminated
A: almost no armour, amphibious, 8 rings, camouflage 1, gelatinous body 1,
(nimble swimmer 1), tentacles
a: no special abilities


You were on level 2 of the Dungeon.
You visited 1 branch of the dungeon, and saw 2 of its levels.

You collected 21 gold pieces.

Inventory:

Hand Weapons
 b - a +0 mace (weapon)
Scrolls
 d - a scroll of identify {unknown}
Potions
 a - a potion of magic
 c - 2 potions of brilliance {unknown}
 e - a potion of curing {unknown}
 f - a potion of cancellation {unknown}


   Skills:
 + Level 2.1 Dodging
 + Level 2.8 Stealth
 + Level 2.0 Spellcasting
 + Level 1.0 Conjurations
 + Level 3.5 Fire Magic


You had 2 spell levels left.
You knew the following spells:

 Your Spells              Type           Power      Damage    Failure   Level
a - Foxfire               Conj/Fire      36%        2x1d5     8%          1
b - Scorch                Fire           26%        2d6       7%          2

Your spell library contained the following spells:

 Spells                   Type           Power      Damage    Failure   Level
 Inner Flame              Hex/Fire       7%         N/A       28%         3
 Volatile Blastmotes      Fire/Tloc      14%        2d11      28%         3
 Flame Wave               Conj/Fire      9%         2d6       58%         4


Dungeon Overview and Level Annotations

Branches:
Dungeon (2/15)

Altars:

Shops:
D:1 !*?::

Annotations:
D:2 Terence


Innate Abilities, Weirdness & Mutations

You cannot wear most types of armour.
You are amphibious.
You can wear up to eight rings at the same time.
Your skin changes colour to match your surroundings (Stealth+).
Your rubbery body absorbs attacks. (AC +1, EV +1)
((You are camouflaged when in or above water. (Stealth+)))
You have tentacles for arms and can constrict up to eight enemies at once.


Message History

Confirm with . or Enter, or press ? or * to list all spells.
You conjure some foxfire!
Terence hits you but does no damage.
Terence hits your foxfire with a +0 hand axe!
You don't have enough magic to cast this spell.
You barely miss Terence. You grab Terence. You squeeze Terence!
Terence is moderately wounded.
You constrict Terence, but do no damage.
The foxfire hits Terence.
Terence is heavily wounded.
Terence hits you with a +0 hand axe!
You hit Terence.
Terence is severely wounded.
You constrict Terence, but do no damage.
Terence says, "Did you write a will?
You should..."
Terence hits you with a +0 hand axe.
You hit Terence. You squeeze Terence.
Terence is almost dead.
You constrict Terence, but do no damage.
Terence says, "Rest in peace."
Terence hits you with a +0 hand axe.
Terence shouts, "DIE!!!"
Terence hits you with a +0 hand axe.
* * * LOW HITPOINT WARNING * * *
Okay, then.
Unknown command.
Casting: Foxfire (safe; 8% risk of failure)
Confirm with . or Enter, or press ? or * to list all spells.
You don't have enough magic to cast this spell.
Casting: Foxfire (safe; 8% risk of failure)
Confirm with . or Enter, or press ? or * to list all spells.
You don't have enough magic to cast this spell.
Casting: Foxfire (safe; 8% risk of failure)
Confirm with . or Enter, or press ? or * to list all spells.
You miscast Foxfire.
You are very lightly contaminated with residual magic.
Nothing appears to happen.
You constrict Terence, but do no damage.
Terence hits you with a +0 hand axe!
You die...
Terence says, "Time to find some more victims."

#####_#####
#.........#
#...PPP.P.#
#..PP...P.#
#....P....#
#.#P......#..
###.P.....#..#
#.P....P# .#
#.##.@P##...#
#. #P.@# ..##
##..###S. .#
##. .... # #.
.....# ##
####.# #


You could see Terence and an adder.

Vanquished Creatures
  A bat (D:1)
  An endoplasm (D:2)
  A giant cockroach (D:1)
  3 hobgoblins (D:1)
  A kobold (D:1)
  A ball python (D:1)
  A rat (D:1)
9 creatures vanquished.

Vanquished Creatures (collateral kills)
  2 foxfires (D:2)
2 creatures vanquished.

Vanquished Creatures (others)
  19 foxfires
19 creatures vanquished.

Grand Total: 30 creatures vanquished

Notes
Turn   | Place    | Note
-------+----------+-------------------------------------------
     0 | D:1      | PriceMaster the Octopode Fire Elementalist began the quest
                  | for the Orb.
     0 | D:1      | Reached XP level 1. HP: 11/11 MP: 3/3
    30 | D:1      | Found Luhol's Distillery.
    67 | D:1      | Found Yvya's General Store.
    72 | D:1      | Found Wifogem's Magic Scroll Boutique.
   204 | D:1      | Reached XP level 2. HP: 17/17 MP: 0/5
   207 | D:1      | Learned a level 2 spell: Scorch
   437 | D:1      | Found Syxob's Book Shoppe.
   608 | D:1      | Found Rego's Book Emporium.
  1038 | D:2      | Found a faded altar of an unknown god.
  1054 | D:2      | Noticed Terence
  1070 | D:2      | Slain by Terence

Illustrated notes

Levels and vault maps discovered:
D:1:      onia_arrival_mini_spirals, layout_basic, serial_shops, shop, shop,
          nicolae_shop_tiny_waterfront, nicolae_book_shop_shelving,
          nicolae_shop_stone, serial_curves, eino_curves_04, eino_curves_02,
          eino_curves_02, corexii_corridor_pit
D:2:      kb_forest_paths, layout_basic, shapermc_ecumenical_altar_gd,
          uniq_terence

Action                     || total
---------------------------++-------
  Melee: Mace              ||     8
         Tentacles         ||     3
         Constrict         ||     2
   Cast: Foxfire           ||    14
         Scorch            ||     3
 Armour: Skin              ||     9
  Dodge: Dodged            ||     4

Table legend: (Time is in decaauts)
 A = Elapsed time spent in this place.
 B = Non-inter-level travel time spent in this place.
 C = Inter-level travel time spent in this place.
 D = Time resting spent in this place.
 E = Time spent auto-exploring this place.
 F = Levels seen in this place.
 G = Mean time per level.
                   A        B        C        D        E       F      G
               +--------+--------+--------+--------+--------+-----+--------+
         Total |   1072 |   1047 |     25 |      0 |    966 |   2 |  536.0 |
       Dungeon |   1072 |   1047 |     25 |      0 |    966 |   2 |  536.0 |
               +--------+--------+--------+--------+--------+-----+--------+

Top non-repeatable levels by time:
     D:1: 1011 daAuts
     D:2: 60 daAuts
